 Dungeon Crawl Stone Soup version 0.17.0-28-g6e173f8 (webtiles) character file.

69 baaltosaur the Distorting Demonspawn (level 4, -1/35 HPs)
             Began as a Demonspawn Abyssal Knight on Nov 28, 2015.
             Was a Believer of Lugonu.
             Slain by Robin
             ... wielding a +0 dagger
              (5 damage)
             ... on level 2 of the Dungeon.
             The game lasted 00:10:14 (1542 turns).

baaltosaur the Distorting Demonspawn (DsAK)         Turns: 1542, Time: 00:10:16

Health: -1/35      AC: 12    Str: 14    XL:     4   Next: 2%
Magic:  6/6        EV:  9    Int: 13    God:    Lugonu [**....]
Gold:   103        SH:  0    Dex: 12    Spells: 0 memorised, 3 levels left

rFire  + . .     SeeInvis .     a - +1 hand axe
rCold  x . .     Clarity  .     m - +0 scale mail
rNeg   . . .     SustAt   .     (no shield)
rPois  .         Gourm    .     t - +1 helmet
rElec  .         Spirit   .     (no cloak)
rCorr  .         Warding  .     (no gloves)
rMut   .         Stasis   .     (no boots)
MR     .....                    (no amulet)
Stlth  ..........               (no ring)
                                j - ring of fire

@: lethally poisoned (-1 -> -2), very slightly contaminated, hasted, very quick,
not resistant to hostile enchantments, extremely unstealthy
A: talons 1, iridescent scales 1
a: Depart the Abyss, Bend Space, Renounce Religion


You were on level 2 of the Dungeon.
You worshipped Lugonu.
Lugonu was pleased with you.
You were hungry.

You visited 1 branch of the dungeon, and saw 2 of its levels.
You visited the Abyss 1 time.

You collected 103 gold pieces.

Inventory:

Hand Weapons
 a - a +1 hand axe (weapon)
Armour
 m - a +0 scale mail (worn)
 t - a +1 helmet (worn)
Jewellery
 j - a ring of fire (left hand)
Scrolls
 e - a scroll of noise {unknown}
 h - a scroll of teleportation {unknown}
 k - a scroll of random uselessness {unknown}
 l - a scroll of fog {unknown}
 n - 2 scrolls of remove curse
 o - a scroll of recharging {unknown}
Potions
 b - a potion of degeneration
 d - 2 potions of magic
 f - a potion of experience {unknown}
 g - a potion of haste
 r - a potion of mutation {unknown}
Comestibles
 c - 3 bread rations
 p - a meat ration


   Skills:
 + Level 3.4 Fighting
 + Level 2.2 Axes
 + Level 2.4 Armour
 + Level 1.6 Dodging
 + Level 3.4 Invocations


You had 3 spell levels left.
You didn't know any spells.

Dungeon Overview and Level Annotations

Branches:
Dungeon (2/15)

Altars:
Makhleb

Annotations:
D:2 Natasha, Robin


Innate Abilities, Weirdness & Mutations

You have sharp toenails.
You are partially covered in iridescent scales (AC +4).


Message History

You are too injured to fight recklessly!
You are too injured to fight recklessly!
You hit Robin. Your kick misses Robin.
Robin is heavily wounded.
You barely miss Natasha.
Natasha is lightly wounded.
Natasha claws you.
* * * LOW HITPOINT WARNING * * *
You hit Robin. Your kick misses Robin.
Robin is severely wounded.
You hit Natasha.
Natasha is moderately wounded.
Robin hits you but does no damage.
You closely miss Natasha.
Natasha is moderately wounded.
You hit Robin.
Robin is almost dead.
Natasha casts a spell at you. You resist with some effort.
Robin hits you with a dagger.
You die...

.## #.##.##
..###.##.#
..##†.##.##
..#..###..##
....##
##..#####
....#
##.....###
....#
#####..§#
...##
###g### ..##
#@hg# ..#
###g# ..#
#†# #.


#gg #gg. ..g.. ...... ...>... #g.....## You could see Robin, Natasha, a
hobgoblin and a goblin (frenzied).

Vanquished Creatures
  2 adders (D:2)
  An ooze (D:1)
  A worm (D:2)
  2 giant cockroaches
  5 hobgoblins
  3 jackals (D:2)
  A quokka (D:2)
  8 bats
  4 giant newts
  12 goblins
  3 kobolds (D:1)
  4 rats
46 creatures vanquished.

Notes
Turn   | Place    | Note
--------------------------------------------------------------
     0 | Abyss:1  | baaltosaur the Demonspawn Abyssal Knight began the quest for the Orb.
     0 | Abyss:1  | Reached XP level 1. HP: 18/18 MP: 2/2
    58 | Abyss:1  | Found a corrupted altar of Lugonu.
   137 | Abyss:1  | Noticed a large abomination
   138 | D:1      | Escaped the Abyss
   219 | D:1      | Reached skill level 1 in Dodging
   293 | D:1      | Reached * piety under Lugonu
   308 | D:1      | Gained mutation: You are partially covered in iridescent scales (AC +4). [demonic ancestry]
   308 | D:1      | Reached XP level 2. HP: 14/24 MP: 4/4
   872 | D:1      | Reached XP level 3. HP: 29/29 MP: 5/5
   970 | D:2      | Found a burning altar of Makhleb.
  1506 | D:2      | Noticed Robin
  1519 | D:2      | Noticed Natasha
  1525 | D:2      | Reached ** piety under Lugonu
  1525 | D:2      | Gained mutation: You have sharp toenails. [demonic ancestry]
  1525 | D:2      | Reached XP level 4. HP: 22/35 MP: 6/6
  1542 | D:2      | Slain by Robin

Action                   |  1- 3 |  4- 6 || total
-------------------------+-------+-------++-------
Melee: Hand axe          |   119 |    14 ||   133
       Whip              |    19 |       ||    19
Invok: Depart the Abyss  |     1 |       ||     1
  Use: Scroll            |     4 |     2 ||     6
       Potion            |       |     1 ||     1
  Eat: Fruit             |     2 |       ||     2
